 Dungeon Crawl Stone Soup version 0.31.0-12-g77e489cdc1 (webtiles) character file.

Game seed: 16481694562342625506

12194 Peloso the Carver (level 11, -1/100 HPs)
             Began as a Minotaur Fighter on Feb 18, 2024.
             Was an Elder of Okawaru.
             Killed from afar by an electric eel (6 damage)
             ... with a bolt of electricity
             ... on level 11 of the Dungeon.
             The game lasted 00:23:21 (11382 turns).

Peloso the Carver (Minotaur Fighter)               Turns: 11382, Time: 00:23:21

Health: -1/100     AC: 15    Str: 20    XL:     11   Next: 59%
Magic:  10/10      EV:  9    Int:  5    God:    Okawaru [****..]
Gold:   1314       SH: 11    Dex: 15    Spells: 10/10 levels left

rFire   . . .        a - +1 scimitar (flame)
rCold   + . .        d - +0 kite shield
rNeg    . . .        c - +2 chain mail {rC+}
rPois   .            (helmet restricted)
rElec   .            (no cloak)
rCorr   .            l - +0 pair of gloves
SInv    .            (no boots)
Will    .....        (no amulet) Stlth
                     E - ring of flight
HPRegen 0.36/turn    (no ring)
MPRegen 0.12/turn

%: no passive effects
@: flying
A: horns 2, retaliatory headbutt, claws 1
a: Renounce Religion, Heroism, Finesse


You were on level 11 of the Dungeon.
You worshipped Okawaru.
Okawaru was greatly pleased with you.
You visited 2 branches of the dungeon, and saw 12 of its levels.
You also visited: Ossuary and Bailey.

You collected 1314 gold pieces.

Inventory:

Hand Weapons
 a - a +1 scimitar of flaming (weapon)
Missiles
 F - 4 throwing nets (quivered)
Armour
 b - a +0 scale mail
 c - a +2 chain mail of cold resistance (worn)
 d - a +0 kite shield (worn)
 e - the +0 chain mail of Tenacity {rC- Regen+ Str+3 Int+3}
   (You found it on level 10 of the Dungeon)

   Str+3:     It affects your strength (+3).
   Int+3:     It affects your intelligence (+3).
   rC-:       It makes you vulnerable to cold.
   Regen+:    It increases your rate of health regeneration.
 l - a +0 pair of gloves (worn)
Jewellery
 k - an amulet of magic regeneration
 E - a ring of flight (left hand)
 G - a ring of fire
 I - a ring of positive energy
Wands
 s - a wand of flame (16)
 y - a wand of light (3)
 A - a wand of roots (24)
 J - a wand of digging (5)
Scrolls
 f - a scroll of revelation
 g - 5 scrolls of teleportation
 m - 3 scrolls of enchant weapon
 q - a scroll of poison
 t - a scroll of blinking
 u - a scroll of brand weapon
 v - a scroll of silence
 w - a scroll of fear
 x - a scroll of amnesia
 z - a scroll of immolation
 B - a scroll of torment
Potions
 h - 3 potions of mutation
 i - 5 potions of might
 j - 4 potions of enlightenment
 o - 2 potions of berserk rage
 p - a potion of ambrosia
 r - 2 potions of attraction
 C - 2 potions of invisibility
 D - a potion of brilliance
 H - 2 potions of resistance
Miscellaneous
 n - a phial of floods


   Skills:
 + Level 10.2 Fighting
 + Level 13.4 Long Blades
 + Level 10.9 Armour
 + Level 4.6 Dodging
 + Level 0.5 Stealth
 + Level 10.2 Shields
 + Level 0.6 Invocations
 + Level 1.2 Evocations


You had 10 spell levels left.
You didn't know any spells.
Your spell library contained the following spells:

 Spells                   Type           Power      Damage    Failure   Level
 Kiss of Death            Conj/Necr      0%         2d5       99%         1
 Lesser Beckoning         Tloc           0%         N/A       100%        2
 Confusing Touch          Hex            0%         N/A       100%        3
 Gell's Gravitas          Tloc           0%         N/A       100%        3
 Teleport Other           Tloc           0%         N/A       100%        3
 Dispel Undead            Necr           0%         3d6       100%        4


Dungeon Overview and Level Annotations

Branches:
Dungeon (11/15)            Temple (1/1) D:7            Lair (0/5) D:8
Ossuary (visited)          Bailey (visited)
    Orc: D:9-12

Altars:
Ashenzari
Cheibriados
Dithmenos
Elyvilon
Fedhas
Gozag
Hepliaklqana
Kikubaaqudgha
Makhleb
Nemelex Xobeh
Okawaru
Qazlal
Ru
Sif Muna
Trog
Uskayaw
Vehumet
Wu Jian
Xom
Yredelemnul
Zin
The Shining One

Shops:
D:3 !   D:4 !

Portals:
Trove: D:10 (give 2 scrolls of acquirement)

Annotations:
D:3 3 runed translucent doors, DildoBatman's ghost, amateur FoCj
D:4 3 runed translucent doors, paavali's ghost, amateur DsBe
D:9 Pikel


Innate Abilities, Weirdness & Mutations

You have a pair of horns on your head.
You reflexively headbutt those who attack you in melee.
You have sharp fingernails.


Message History

You block the orc warrior's attack.
You see here a +0 mace.
Unknown command.
You hit the orc warrior. You burn the orc warrior.
You headbutt the orc warrior, but do no damage.
The orc warrior is moderately wounded.
The orc warrior hits you but does no damage.
You hit the orc warrior. You burn the orc warrior.
Your headbutt misses the orc warrior.
The orc warrior is moderately wounded.
The orc warrior hits you with a +0 glaive!
Unknown command.
You hit the orc warrior but do no damage.
The orc warrior is moderately wounded.
You block the orc warrior's attack.
You hit the orc warrior. You burn the orc warrior.
Your headbutt misses the orc warrior.
The orc warrior is heavily wounded.
The orc warrior hits you with a +0 glaive!
* * * LOW HITPOINT WARNING * * *
Something unseen opens the door.
Unknown command.
You slash the orc warrior! You burn the orc warrior.
You headbutt the orc warrior.
You kill the orc warrior!
Okawaru accepts your kill. The acid dragon spits acid at you.
The splash of acid hits you!
* * * LOW HITPOINT WARNING * * *
An orc comes into view. It is wielding a +0 flail.
You hear a howl!
You hear a shout! x3
Your Evocations skill increases to level 1!
An orc comes into view. It is wielding a +0 flail.
The orc shouts!
The acid dragon bites you.
* * * LOW HITPOINT WARNING * * *
You block the acid dragon's attack.
The electric eel shoots out a bolt of lightning at you!
The bolt of electricity hits you.
You die...

#.# #.......
##.# #####..#
#..# #....
#..# #...###
#.#######
#.##
#.#...... ...
#...8≈≈≈≈≈≈≈
#)#.≈8≈≈≈≈≈
#@#.≈≈o+#
#....D..≈≈o#
#.......≈≈##
#........ooo.
#.!.....SS##.
#.......≈≈o#
#.......≈≈.o#
#####...≈8≈≈≈


You could see an acid dragon, 2 electric eels, an orc priest, 3 orc wizards and
2 orcs.

Vanquished Creatures
  Harold (D:10)
  Erica (D:8)
  A two-headed ogre (D:8)
  Sonja (D:10)
  Amaemon (D:10)
  An orc knight (Bailey)
  Joseph (D:9)
  An orange demon (D:10)
  A gargoyle (D:11)
  Sigmund (D:6)
  2 wyverns (D:10)
  A wraith (D:10)
  14 yaks
  A water moccasin (D:6)
  A black bear (D:6)
  9 orc warriors
  2 sky beasts
  An ogre (D:5)
  An ice beast (D:8)
  8 centaurs
  2 kobold brigands (D:6)
  2 lemures (D:9)
  3 phantoms
  5 elf zombies (Ossuary)
  5 bullfrogs
  3 scorpions
  2 gnoll sergeants (D:8)
  4 wights (D:9)
  7 killer bees
  6 howler monkeys
  2 centaur zombies (Ossuary)
  4 human zombies (Ossuary)
  4 orc priests
  A hound (D:7)
  2 jellies
  2 bombardier beetles (D:5)
  2 gnoll boudas
  A sleepcap (D:5)
  4 iguanas
  4 orc wizards
  3 mummies (Ossuary)
  10 adders
  22 gnolls
  2 shadow imps
  2 white imps
  2 ufetubi (D:6)
  2 ribbon worms
  A dart slug (D:5)
  36 orcs
  9 bats
  7 endoplasms
  3 giant cockroaches
  12 goblins
  6 hobgoblins
  11 jackals
  21 kobolds
  5 quokkas
  6 ball pythons
  3 frilled lizards
  2 rats
280 creatures vanquished.

Notes
Turn   | Place    | Note
-------+----------+-------------------------------------------
     0 | D:1      | Peloso the Minotaur Fighter began the quest for the Orb.
     0 | D:1      | Reached XP level 1. HP: 19/19 MP: 0/0
   231 | D:1      | Reached XP level 2. HP: 27/27 MP: 1/1
   639 | D:1      | Gained mutation: You have sharp fingernails. [potion of
                  | mutation]
   844 | D:2      | Reached XP level 3. HP: 33/33 MP: 2/2
  1113 | D:2      | Found a glowing silver altar of Zin.
  1741 | D:3      | Reached skill level 3 in Long Blades
  1741 | D:3      | Reached XP level 4. HP: 38/41 MP: 3/3
  1762 | D:3      | Found a shimmering blue altar of Sif Muna.
  1839 | D:3      | Found a snail-covered altar of Cheibriados.
  1901 | D:3      | Found a stormy altar of Qazlal.
  1977 | D:3      | Found a runed translucent gate.
  1979 | D:3      | Found a runed translucent gate.
  1989 | D:3      | Noticed DildoBatman's ghost (amateur FoCj)
  1991 | D:3      | Found a runed translucent gate.
  2075 | D:3      | Found Qibbo's Distillery.
  2583 | D:4      | Reached XP level 5. HP: 47/47 MP: 4/4
  2684 | D:4      | Reached skill level 5 in Armour
  2777 | D:4      | Reached skill level 4 in Long Blades
  2930 | D:4      | Found a runed translucent gate.
  2931 | D:4      | Found a runed translucent gate.
  2933 | D:4      | Found a runed translucent gate.
  2937 | D:4      | Noticed paavali's ghost (amateur DsBe)
  2963 | D:4      | Reached skill level 1 in Dodging
  2987 | D:4      | Reached XP level 6. HP: 46/53 MP: 5/5
  3078 | D:4      | Reached skill level 5 in Long Blades
  3276 | D:4      | Reached skill level 5 in Fighting
  3321 | D:4      | Found Zofeh's Distillery.
  3642 | D:5      | Entered Level 5 of the Dungeon
  3717 | D:5      | Reached XP level 7. HP: 51/61 MP: 6/6
  3875 | D:5      | Reached skill level 5 in Shields
  4332 | D:5      | Reached skill level 6 in Long Blades
  5197 | D:6      | Reached XP level 8. HP: 60/70 MP: 7/7
  5395 | D:6      | Reached skill level 7 in Long Blades
  5748 | D:6      | Noticed Sigmund
  5845 | D:6      | Killed Sigmund
  5846 | D:6      | Reached skill level 8 in Long Blades
  6186 | D:6      | Reached XP level 9. HP: 75/78 MP: 8/8
  6341 | D:7      | Found a staircase to the Ecumenical Temple.
  6379 | D:7      | Found a sand-covered staircase.
  6391 | Ossuary  | Entered an ossuary
  6464 | Ossuary  | Reached skill level 9 in Long Blades
  6742 | D:7      | Found a radiant altar of Vehumet.
  6831 | Temple   | Entered the Ecumenical Temple
  6842 | Temple   | Became a worshipper of Warmaster Okawaru
  7077 | D:7      | Found a bloodstained altar of Trog.
  7192 | D:7      | Reached skill level 10 in Long Blades
  7540 | D:8      | Found an ancient bone altar of Kikubaaqudgha.
  7660 | D:8      | Found a shadowy altar of Dithmenos.
  7789 | D:8      | Reached * piety under Okawaru
  7903 | D:8      | Noticed Erica
  7932 | D:8      | Killed Erica
  7933 | D:8      | Reached skill level 11 in Long Blades
  7933 | D:8      | Reached XP level 10. HP: 88/88 MP: 7/9
  8038 | D:8      | Found a sparkling altar of Nemelex Xobeh.
  8044 | D:8      | Noticed a two-headed ogre
  8049 | D:8      | Killed a two-headed ogre
  8142 | D:8      | Reached ** piety under Okawaru
  8266 | D:8      | Found a staircase to the Lair.
  8353 | D:8      | Found a glowing golden altar of the Shining One.
  8662 | D:8      | Found an ornate altar of the Wu Jian Council.
  9063 | D:9      | Reached skill level 12 in Long Blades
  9063 | D:9      | Reached skill level 10 in Armour
  9112 | D:9      | Noticed Joseph
  9120 | D:9      | Reached *** piety under Okawaru
  9133 | D:9      | Killed Joseph
  9666 | D:9      | Noticed Pikel
  9729 | D:9      | You fall into a shaft and drop 1 floor!
  9729 | D:10     | Entered Level 10 of the Dungeon
  9730 | D:10     | Noticed Amaemon
  9749 | D:10     | Found a flagged portal.
  9761 | D:10     | Reached XP level 11. HP: 93/97 MP: 10/10
  9767 | Bailey   | Entered a bailey
  9784 | Bailey   | Noticed an orc knight
  9811 | Bailey   | Killed an orc knight
 10220 | D:10     | Reached **** piety under Okawaru
 10309 | D:10     | Identified the +5 spear "Jod Haig" {freeze, rElec MP-9
                  | SInv}
 10340 | D:10     | Noticed Harold
 10356 | D:10     | Killed Harold
 10642 | D:10     | Identified the +0 chain mail of Tenacity {rC- Regen+ Str+3
                  | Int+3}
 10691 | D:10     | Killed Amaemon
 10692 | D:10     | Reached skill level 10 in Fighting
 10692 | D:10     | Reached skill level 13 in Long Blades
 10692 | D:10     | Reached skill level 10 in Shields
 10882 | D:10     | Noticed Sonja
 10891 | D:10     | Killed Sonja
 11199 | D:10     | Found a portal to a secret trove of treasure.
 11382 | D:11     | Reached skill level 1 in Evocations
 11382 | D:11     | HP: 5/100 [acid dragon (3)]
 11382 | D:11     | Killed from afar by an electric eel

Illustrated notes

Levels and vault maps discovered:
D:1:      reono_arrival_mine, layout_loops_ring
D:2:      layout_basic, basic_altar
D:3:      layout_basic, mainiacjoe_overflow_alcove_1, cheibriados_altar_2,
          amcnicky_altar_gilded, serial_shops, shop, biasface_ghost_orc_armoury
D:4:      layout_loops_ring, serial_shops, shop, gammafunk_ghost_necromancy,
          dreamdust_mushroom_princess, kennysheep_generic_room_16
D:5:      cheibrodos_quashed, layout_loops_corners
D:6:      layout_cave_pools, kennysheep_opposing_triangles, uniq_sigmund
D:7:      hellmonk_destroyed_diamonds, layout_loops_ring, old_standard_altar,
          trog_book, minmay_temple_entry_mini_moons,
          nicolae_ossuary_entry_monument
D:8:      layout_basic, mainiacjoe_overflow_brackets, kennysheep_mini,
          lemuel_tele_altar, grunt_dithmenos_smoke_and_mirrors,
          mainiacjoe_overflow_24_doors, serial_co_window_serial,
          co_window_corner_a, co_window_paths_b, co_window_paths_b,
          co_window_paths_b, co_window_paths_a, co_window_corner_a,
          co_window_of_opportunity_a, co_window_unsneaky_path_c,
          co_window_broadway_a, co_window_unsneaky_path_c, glass_columns_a,
          uniq_erica
D:9:      layout_long_grid, chequers_serial_rivers_large_a, grunt_decor_cap,
          serial_bayou_pond_c, uniq_pikel, uniq_joseph
D:10:     layout_cave_pods, enter_bailey_6, serial_column_ruins,
          column_ruins_hut, column_ruins_open_small, column_ruins_grid_1,
          column_ruins_grid_3, column_ruins_open_tiny, column_ruins_open_tiny,
          nicolae_trove_entry_crossroad, minmay_fountain_box, uniq_harold,
          uniq_amaemon, uniq_sonja
D:11:     layout_rooms, erik_orc_2, uniq_grum
Temple:   hellmonk_temple_flake

Skill      XL: |  1  2  3  4  5  6  7  8  9 10 11 |
---------------+----------------------------------+-----
Armour         | 4 5 6 7 8 9 10 | 10.9
Shields        | 4 5 6 7 9 10 | 10.2
Fighting       | 4 5 6 8 9 10 | 10.2
Long Blades    | 3 4 5 6 8 11 12 13 | 13.4
Dodging        | 1 2 3 4 |  4.6
Evocations     | 1 |  1.2
Stealth        | |  0.5
Invocations    | |  0.6

Action                     |  1- 3 |  4- 6 |  7- 9 | 10-12 || total
---------------------------+-------+-------+-------+-------++-------
  Melee: Long sword        |    86 |   165 |   466 |       ||   717
         Headbutt          |    14 |    30 |   107 |   102 ||   253
         Scimitar          |       |       |       |   328 ||   328
 Invoke: Heroism           |       |       |     1 |     4 ||     5
  Evoke: Wand              |       |       |       |     5 ||     5
    Use: Scroll            |     5 |       |     6 |     4 ||    15
         Potion            |     4 |     1 |    10 |     3 ||    18
 Armour: Scale mail        |    56 |       |       |       ||    56
         Chain mail        |    11 |   171 |   375 |   176 ||   733
  Dodge: Dodged            |    44 |    71 |   203 |    73 ||   391
  Block: Buckler           |    19 |    45 |   106 |       ||   170
         Kite shield       |       |       |    34 |   186 ||   220
